 Dungeon Crawl Stone Soup version 0.30-a0-368-g86fb4627a9 (webtiles) character file.

Game seed: 1762456182963297070

46 HolyTactitian the Grave Robber (level 3, -1/24 HPs)
             Began as a Human Necromancer on Nov 17, 2022.
             Slain by a goblin
             ... wielding a +0 club
              (2 damage)
             ... on level 2 of the Dungeon on Nov 18, 2022.
             The game lasted 00:13:45 (808 turns).

HolyTactitian the Grave Robber (Human Necromancer)   Turns: 808, Time: 00:13:45

Health: -1/24      AC:  9    Str:  8    XL:     3   Next: 95%
Magic:  1/6        EV: 12    Int: 17    God:
Gold:   69         SH:  0    Dex: 19    Spells: 2/6 levels left

rFire   . . .      SeeInvis .    b - +0 dagger (protect)
rCold   . . .      Faith    .    (no shield)
rNeg    . . .      Spirit   .    a - +0 robe
rPois   .          Reflect  .    (no helmet)
rElec   .          Harm     .    (no cloak)
rCorr   .          Rampage  .    (no gloves)
Will    .....                    (no boots)
Stlth   ++........               (no amulet)
HPRegen 0.24/turn                g - +6 ring of dexterity
MPRegen 0.10/turn                (no ring)

@: under a protective aura
A: no striking features
a: no special abilities


You were on level 2 of the Dungeon.
You visited 1 branch of the dungeon, and saw 2 of its levels.

You collected 69 gold pieces.

Inventory:

Hand Weapons
 b - a +0 dagger of protection (weapon)
 h - a +0 short sword
Armour
 a - a +0 robe (worn)
Jewellery
 g - a +6 ring of dexterity (left hand)
Scrolls
 c - 3 scrolls of teleportation {unknown}
 f - 3 scrolls of identify {unknown}
 i - a scroll of blinking {unknown}
Potions
 d - 2 potions of curing {unknown}
 e - a potion of heal wounds {unknown}


   Skills:
 + Level 0.2 Fighting
 + Level 0.3 Short Blades
 + Level 2.0 Dodging
 + Level 2.1 Stealth
 + Level 2.4 Spellcasting
 + Level 4.8 Necromancy


You had 2 spell levels left.
You knew the following spells:

 Your Spells              Type           Power      Damage    Failure   Level
a - Necrotise             Necr           72%        1d7       2%          1
b - Vampiric Draining     Necr           18%        2d7       8%          3

Your spell library contained the following spells:

 Spells                   Type           Power      Damage    Failure   Level
 Animate Dead             Necr           18%        N/A       26%         4
 Agony                    Necr           18%        N/A       56%         5


Dungeon Overview and Level Annotations

Branches:
Dungeon (2/15)

Altars:


Message History

You hit the adder.
The adder is moderately wounded.
The adder misses you. The goblin hits you but does no damage.
The adder barely misses you.
You hit the adder.
The adder is heavily wounded.
The goblin barely misses you. The adder barely misses you.
You barely miss the adder.
The adder is heavily wounded.
The goblin hits you but does no damage. The adder bites you but does no damage.
You hit the adder but do no damage.
The adder is heavily wounded.
The adder bites you but does no damage. The goblin hits you with a +0 club.
* * * LOW HITPOINT WARNING * * *
You hit the adder.
The adder is almost dead.
The adder barely misses you. The goblin hits you with a +0 club.
* * * LOW HITPOINT WARNING * * *
The adder misses you.
Aiming: Necrotise (safe; 2% risk of failure)
Press: ? - help, Q - select action Shift-Dir - straight line, f - adder
Aim: an adder (almost dead, chance to affect: 83%)
The adder writhes in agony.
The goblin barely misses you. The adder completely misses you.
You miss the adder.
The adder is almost dead.
The goblin hits you with a +0 club.
* * * LOW HITPOINT WARNING * * *
The adder bites you but does no damage.
You hit the adder but do no damage.
The adder is almost dead.
The adder bites you but does no damage. The goblin misses you.
The adder misses you.
You hit the adder but do no damage.
The adder is almost dead.
The goblin barely misses you. The adder misses you.
You hit the adder but do no damage.
The adder is almost dead.
The goblin hits you with a +0 club.
You die...

### # ..# ..
##.# ... ..###
.. #...
#.##..####.#
$.##..........#
........@....[#
....<..g)S....#
######.#.##...#
#.#.. ..#
..#..# .#
...#... #
.......?.
...........


You could see an adder and a goblin.

Vanquished Creatures
  An adder (D:2)
  4 bats
  2 giant cockroaches (D:1)
  5 hobgoblins
  4 kobolds
  A quokka (D:1)
  2 ball pythons (D:1)
  A frilled lizard (D:1)
  4 goblins (D:1)
  2 rats (D:1)
26 creatures vanquished.

Vanquished Creatures (collateral kills)
  2 endoplasms (D:1)
  2 giant cockroaches (D:1)
  A goblin (D:1)
  A bat (D:1)
  A kobold (D:1)
7 creatures vanquished.

Grand Total: 33 creatures vanquished

Notes
Turn   | Place    | Note
-------+----------+-------------------------------------------
     0 | D:1      | HolyTactitian the Human Necromancer began the quest for the
                  | Orb.
     0 | D:1      | Reached XP level 1. HP: 13/13 MP: 3/3
    90 | D:1      | Reached XP level 2. HP: 18/19 MP: 0/5
   345 | D:1      | Reached XP level 3. HP: 16/24 MP: 0/6
   387 | D:1      | Upgraded the game from 0.30-a0-365-ge7f957f1db to
                  | 0.30-a0-368-g86fb4627a9
   762 | D:1      | Learned a level 3 spell: Vampiric Draining
   805 | D:2      | HP: 1/24 [goblin/+0 club (4)]
   808 | D:2      | Slain by a goblin

Illustrated notes

Levels and vault maps discovered:
D:1:      wander_arrival_estate, layout_loops_cross, minmay_close_crescents
D:2:      layout_loops_cross

Action                   || total
-------------------------++-------
Melee: Unarmed           ||     4
       Dagger            ||    34
 Cast: Necrotise         ||    54
  Use: Potion            ||     1
Armor: Robe              ||    22
Dodge: Dodged            ||    65

Table legend: (Time is in decaauts)
 A = Elapsed time spent in this place.
 B = Non-inter-level travel time spent in this place.
 C = Inter-level travel time spent in this place.
 D = Time resting spent in this place.
 E = Time spent auto-exploring this place.
 F = Levels seen in this place.
 G = Mean time per level.
                   A        B        C        D        E       F      G
               +--------+--------+--------+--------+--------+-----+--------+
         Total |    806 |    802 |      4 |    130 |      0 |   2 |  403.0 |
       Dungeon |    806 |    802 |      4 |    130 |      0 |   2 |  403.0 |
               +--------+--------+--------+--------+--------+-----+--------+

Top non-repeatable levels by time:
     D:1: 774 daAuts
     D:2: 31 daAuts
